 Dungeon Crawl Stone Soup version 0.24.0-13-gcf9b319 (webtiles) character file.

Game seed: 2890456892858074923, levelgen mode: deterministic

198 Fang the Shield-Bearer (level 5, -8/34 HPs)
             Began as a Gargoyle Fighter on Jan 2, 2020.
             Splashed by a goblin's acid (17 damage)
             ... on level 3 of the Dungeon.
             The game lasted 00:03:21 (2199 turns).

Fang the Shield-Bearer (Gargoyle Fighter)           Turns: 2199, Time: 00:03:21

Health: -8/34      AC:  7    Str: 20    XL:     5   Next: 77%
Magic:  5/5        EV:  7    Int:  9    God:
Gold:   100        SH:  9    Dex:  9    Spells: 4/4 levels left

rFire    . . .     SeeInvis .   a - +0 war axe
rCold    . . .     Gourm    .   c - +0 shield
rNeg     + . .     Faith    .   b - +0 scale mail
rPois    ∞         Spirit   .   (no helmet)
rElec    +         Reflect  .   (no cloak)
rCorr    .         Harm     .   (no gloves)
MR       .....                  (no boots)
Stlth    ..........             (no amulet)
HPRegen  0.11/turn              (no ring)
MPRegen  0.09/turn              (no ring)

@: corroded
A: negative energy resistance 1, electricity resistance, unbreathing,
petrification resistance, rot immunity, AC +4
a: no special abilities


You were on level 3 of the Dungeon.
You were not hungry.

You visited 1 branch of the dungeon, and saw 3 of its levels.

You collected 100 gold pieces.

Inventory:

Hand Weapons
 a - a +0 war axe (weapon)
Armour
 b - a +0 scale mail (worn)
 c - a +0 shield (worn)
Scrolls
 d - 4 scrolls of identify {unknown}
 h - 2 scrolls of enchant weapon {unknown}
 i - 2 scrolls of magic mapping {unknown}
 j - 3 scrolls of blinking {unknown}
 k - a scroll of random uselessness {unknown}
 m - a scroll of enchant armour {unknown}
 n - a scroll of amnesia {unknown}
 o - a scroll of noise {unknown}
Potions
 e - a potion of cancellation {unknown}
 g - 2 potions of invisibility {unknown}
 p - a potion of experience {unknown}
Comestibles
 f - 8 rations
 l - 3 chunks of flesh


   Skills:
 + Level 4.4 Fighting
 + Level 3.0 Axes
 + Level 4.3 Armour
 + Level 4.4 Shields


You had 4 spell levels left.
You didn't know any spells.
Your spell library was empty.

Dungeon Overview and Level Annotations

Branches:
Dungeon (3/15)

Altars:
Gozag


Innate Abilities, Weirdness & Mutations

You are resistant to torment.
Your stone body is resilient. (AC +4)
You are immune to poison.
You resist negative energy. (rN+)
You are resistant to electric shocks. (rElec)
You can survive without breathing.
You are immune to petrification.
You are immune to rotting.


Message History

No target in view!
You butcher the worm corpse.
l - 3 chunks of flesh (gained 2)
A goblin comes into view.
It is wielding a +0 dagger and carrying a wand of acid (6).
A goblin is nearby!
You completely miss the goblin.
The goblin shouts!
You hear an angry hiss.
The goblin hits you with a +0 dagger.
A goblin is nearby!
You hit the goblin but do no damage.
A frilled lizard comes into view.
The goblin hits you but does no damage. x2
The frilled lizard moves out of view.
You closely miss the goblin.
The goblin zaps a wand.
The bolt of acid hits you!!
Ouch! That really hurt!
* * * LOW HITPOINT WARNING * * *
The acid corrodes you!
You are splashed with acid!
Ouch! That really hurt!
You die...

#.#.....#.#
##.........#
..........###
#####.....#
#.....# ##.####
####.###
#......#
#.##.#@#
........gl...#
###.##.#.#.##.#
# #....#.#
......# .
###...## ##
##.# #.


You could see a goblin and a frilled lizard.

Vanquished Creatures
  An orc wizard (D:3)
  An iguana (D:2)
  6 adders
  An ooze (D:1)
  2 worms
  A dart slug (D:3)
  A leopard gecko (D:3)
  2 orcs (D:3)
  2 ball pythons (D:3)
  4 giant cockroaches
  10 goblins
  10 hobgoblins
  4 kobolds
  2 quokkas (D:2)
  4 bats
  5 frilled lizards
  26 rats
82 creatures vanquished.

Notes
Turn   | Place    | Note
-------+----------+-------------------------------------------
     0 | D:1      | Fang the Gargoyle Fighter began the quest for the Orb.
     0 | D:1      | Reached XP level 1. HP: 14/14 MP: 1/1
    94 | D:1      | Reached XP level 2. HP: 19/19 MP: 2/2
   436 | D:1      | Reached XP level 3. HP: 20/23 MP: 3/3
   707 | D:2      | Reached XP level 4. HP: 6/29 MP: 4/4
  1646 | D:2      | Reached XP level 5. HP: 30/33 MP: 5/5
  1771 | D:3      | Found an opulent altar of Gozag.
  2199 | D:3      | Splashed by a goblin's acid

Levels and vault maps discovered:
D:1:      wander_arrival_peaceful_grave, layout_loops_ring,
          kennysheep_decorative_pillar, minmay_tromino_v4_a
D:2:      layout_loops_ring, st_stairs_8, minmay_rat_hole
D:3:      layout_loops_corners, old_standard_altar

Skill      XL: |  1  2  3  4  5 |
---------------+----------------+-----
Axes           | 2 3 |  3.0
Fighting       | 4 |  4.4
Armour         | 4 |  4.3
Shields        | 4 |  4.4

Action                   |  1- 3 |  4- 6 || total
-------------------------+-------+-------++-------
Melee: War axe           |   125 |   166 ||   291
  Use: Potion            |       |     1 ||     1
  Eat: Chunk             |       |     5 ||     5
Armor: Scale mail        |    72 |   107 ||   179
Dodge: Dodged            |    53 |    37 ||    90
Block: Shield            |    69 |    93 ||   162
